Map: Frozen Temple

Players

Ppoloni

  • Race: Terran Terran
  • League: Silver
  • Spawn Location: 5:00

Fropez - Winner!

  • Race: Protoss Protoss
  • League: Silver
  • Spawn Location: 11:00

VOD

Have the link to the VOD?

Description

Time

  • Played on: July 5, 2016, 9:54 a.m.
  • Length: 3:44
Show
View Real Time Build Order
Export as new Build Order

Ppoloni Terran 

Build Orders:  

Get SALT Encoding   

  12  0:03  SCV  
  13  0:15  SCV  
  14  0:27  SCV  
  15  0:32  Supply Depot  
  15  0:46  Refinery  
  15  0:52  Supply Depot  
  15  0:54  SCV  
  16  1:04  Barracks  
  16  1:06  SCV  
  18  1:18  SCV  
  18  1:30  SCV  
  19  1:34  Barracks  
  19  1:42  SCV  
  20  1:53  Barracks  
  20  1:54  SCV  
  20  2:01  Barracks Reactor  
  21  2:06  SCV  
  22  2:20  Supply Depot  
  22  2:21  Barracks Tech Lab  
  22  2:27  Orbital Command  
  22  2:28  Supply Depot  
  22  2:40  Marine x2  
  24  2:45  Barracks Reactor  
  24  2:55  Supply Depot  
  24  3:04  Marauder  
  24  3:05  Supply Depot  
  26  3:08  Marine  
  26  3:11  Marine  
  28  3:22  Marine  
  28  3:24  Marine  
  32  3:33  Supply Depot  
Show
View Real Time Build Order
Export as new Build Order

Fropez Protoss - Winner!

Build Orders:  

Get SALT Encoding   

  12  0:00  Probe (Chrono Boost)  
  13  0:16  Pylon  
  13  0:20  Probe (Chrono Boost)  
  14  0:39  Probe (Chrono Boost)  
  14  0:40  Gateway  
  15  0:43  Assimilator  
  15  0:50  Probe (Chrono Boost)  
  16  1:00  Probe (Chrono Boost)  
  17  1:08  Gateway  
  17  1:13  Pylon  
  17  1:25  Probe (Chrono Boost)  
  18  1:36  Cybernetics Core  
  18  1:41  Assimilator  
  18  1:42  Probe (Chrono Boost)  
  18  1:53  Probe (Chrono Boost)  
  19  2:09  Pylon  
  19  2:13  Adept  
  23  2:15  Adept  
  24  2:25  Mothership Core (Chrono Boost)  
  25  2:37  Pylon  
  25  2:43  Adept  
  27  2:58  Adept  
  29  3:06  Twilight Council  
  29  3:09  Probe (Chrono Boost)  
  30  3:19  Probe (Chrono Boost)  
Tags
 
Matchup
PvT
Replay Pack
All Mines
Spawn Locations
Cross Positions
Add a new tag
Caveats
  • Supply blocks, unpowered buildings, or Contaminate may cause inaccurate times.
  • Supply counts are checked every 10 seconds.